Map: Pillars of Gold LE

Players

soul - Winner!

  • Race: Terran Terran
  • League: Grandmaster
  • Spawn Location: 7:00

SouLeer

  • Race: Zerg Zerg
  • League: Grandmaster
  • Spawn Location: 1:00

Event: DreamHack SC2 Masters 2020 Winter

VOD

Have the link to the VOD?

Description

Time

  • Played on: Oct. 28, 2020, 1 p.m.
  • Length: 8:42

All games in this series

Show
View Real Time Build Order
Export as new Build Order

soul Terran - Winner!

Build Orders: Reaper Expand, Hellion Banshee 

Get SALT Encoding   

  12  0:00  SCV  
  13  0:12  SCV  
  14  0:17  Supply Depot  
  14  0:24  SCV  
  15  0:39  SCV  
  15  0:41  Barracks  
  16  0:45  Refinery  
  16  0:51  SCV  
  17  1:03  SCV  
  18  1:15  SCV  
  19  1:28  Orbital Command  
  19  1:29  Reaper  
  20  1:43  Command Center  
  20  1:54  SCV, Supply Depot  
  20  2:00  Marine  
  22  2:06  SCV  
  23  2:12  Factory  
  23  2:18  SCV  
  23  2:22  Refinery  
  24  2:23  Barracks Reactor  
  24  2:33  SCV  
  25  2:45  SCV  
  26  2:57  Starport, Orbital Command  
  26  2:58  SCV  
  27  3:07  Hellion x2  
  27  3:08  Barracks Tech Lab  
  27  3:10  SCV  
  32  3:18  Supply Depot  
  32  3:23  SCV  
  32  3:26  SCV  
  34  3:28  Hellion x2  
  38  3:37  SCV  
  38  3:41  Banshee  
  42  3:42  Barracks Tech Lab  
  42  3:45  SCV  
  43  3:51  Hellion  
  43  3:52  Supply Depot  
  43  3:54  SCV  
  45  3:56  Hellion  
  45  4:00  SCV  
  48  4:07  Marine, Cloaking Field, Stimpack  
  49  4:13  Hellion  
  49  4:15  SCV  
  48  4:17  Supply Depot, Hellion  
  48  4:19  SCV  
  48  4:23  Banshee  
  54  4:27  SCV  
  54  4:31  SCV  
  56  4:40  Command Center  
  56  4:43  SCV x2  
  58  4:49  Marine  
  59  4:54  Factory Reactor  
  59  4:55  SCV x2  
  61  5:00  Barracks  
  61  5:04  Barracks  
  62  5:07  SCV x2  
  59  5:19  SCV x2  
  53  5:21  Engineering Bay  
  53  5:22  Engineering Bay  
  53  5:23  Supply Depot  
  53  5:24  Refinery  
  53  5:26  Refinery  
  53  5:30  Marine  
  53  5:31  SCV x2  
  56  5:37  Starport Reactor  
  56  5:38  Siege Tank  
  59  5:43  SCV x2  
  59  5:49  Terran Infantry Armor Level 1, Terran Infantry Weapons Level 1  
  61  5:52  Marine  
  61  5:53  Combat Shield  
  61  5:55  SCV x2  
  61  5:56  Orbital Command  
  64  6:01  Marine  
  64  6:02  Marine x3  
  68  6:07  SCV  
  68  6:08  SCV  
  68  6:10  Marine  
  71  6:19  Marine x3, Barracks, SCV  
  71  6:20  Medivac, Barracks  
  71  6:21  Medivac, Orbital Command  
  71  6:25  Siege Tank, Marine  
  83  6:28  Marine  
  83  6:30  SCV  
  83  6:32  Supply Depot  
  85  6:37  Supply Depot, Marine  
  85  6:38  Marine  
  85  6:39  SCV  
  88  6:41  Marine  
  88  6:42  SCV  
  88  6:43  Marine  
  88  6:46  SCV  
  92  6:47  Marine  
  92  6:52  Supply Depot  
  92  6:54  SCV, Medivac  
  94  6:55  SCV  
  94  6:58  SCV  
  94  7:00  Marine  
  99  7:04  Armory  
  99  7:06  SCV  
  99  7:07  SCV  
  101  7:10  SCV, Barracks Reactor  
  101  7:11  Barracks Reactor  
  101  7:15  Marine  
  102  7:18  SCV  
  102  7:19  SCV  
  102  7:21  Medivac  
  102  7:22  Marine, SCV, Supply Depot  
  109  7:23  Supply Depot  
  109  7:28  Siege Tank  
  112  7:30  SCV  
  112  7:31  SCV  
  112  7:34  Marine x3  
  117  7:43  Supply Depot x2  
  117  7:44  Medivac, Marine  
  118  7:47  Marine x2  
  118  7:48  Marine  
  118  7:50  SCV  
  121  7:52  Marine  
  121  7:57  Command Center  
  120  8:00  Marine x4  
  120  8:02  Medivac  
  120  8:05  Siege Tank  
  126  8:06  Marine x4  
  126  8:10  Marine  
  131  8:18  Marine x4  
  126  8:24  Marine x2  
Show
View Real Time Build Order
Export as new Build Order

SouLeer Zerg 

Build Orders: Hatch First 

Get SALT Encoding   

  12  0:00  Drone  
  13  0:14  Overlord  
  13  0:17  Drone  
  14  0:32  Drone x2  
  16  0:50  Hatchery  
  16  0:53  Drone  
  17  0:57  Drone  
  17  1:00  Drone  
  18  1:10  Extractor  
  17  1:17  Spawning Pool  
  16  1:19  Drone  
  16  1:23  Drone  
  18  1:30  Drone  
  19  1:41  Drone  
  20  1:51  Overlord  
  20  2:04  Queen x2  
  20  2:05  Zergling x4  
  26  2:23  Hatchery  
  26  2:27  Drone  
  26  2:30  Drone  
  26  2:35  Drone x2  
  28  2:43  Metabolic Boost  
  28  2:47  Drone x2  
  30  2:51  Drone  
  30  2:52  Drone  
  30  2:57  Overlord  
  32  2:59  Drone  
  33  3:07  Queen  
  33  3:09  Drone  
  36  3:14  Overlord  
  36  3:17  Drone x2  
  38  3:23  Drone  
  38  3:27  Spore Crawler  
  38  3:30  Spore Crawler  
  38  3:31  Drone  
  38  3:32  Drone  
  39  3:35  Overlord  
  39  3:39  Drone  
  40  3:42  Drone x2  
  40  3:48  Zergling x4  
  45  3:50  Evolution Chamber  
  44  3:56  Drone x2  
  44  3:58  Drone x2  
  43  4:05  Drone x3  
  46  4:11  Drone x2  
  48  4:18  Queen  
  48  4:24  Queen  
  50  4:25  Zergling x4  
  50  4:29  Zergling x4  
  56  4:32  Spore Crawler  
  56  4:36  Spore Crawler  
  56  4:37  Spore Crawler  
  56  4:38  Drone  
  54  4:43  Drone x3  
  54  4:45  Overlord  
  57  4:48  Drone  
  58  4:54  Baneling Nest  
  58  4:56  Zergling x2  
  58  4:57  Overlord  
  58  5:04  Zergling x10  
  56  5:14  Drone x2  
  56  5:17  Drone x2  
  56  5:19  Drone x2  
  59  5:22  Lair  
  59  5:23  Drone x2  
  61  5:31  Drone x4  
  61  5:34  Drone x2  
  61  5:35  Drone  
  68  5:38  Drone  
  68  5:40  Drone  
  70  5:43  Extractor x2  
  70  5:45  Evolution Chamber  
  70  5:47  Drone, Evolution Chamber  
  70  5:49  Drone  
  67  5:50  Drone  
  67  5:54  Drone x3  
  70  5:58  Overlord  
  70  6:00  Drone  
  70  6:01  Drone  
  70  6:02  Overlord  
  70  6:04  Drone x2  
  74  6:09  Overlord  
  74  6:10  Drone x2  
  74  6:13  Zerg Melee Weapons Level 1  
  74  6:18  Spore Crawler  
  70  6:19  Drone x2  
  70  6:20  Overseer  
  70  6:22  Zerg Ground Armor Level 1  
  70  6:25  Drone x2  
  74  6:27  Drone x2  
  74  6:29  Drone  
  77  6:34  Extractor x2  
  77  6:37  Drone x6  
  82  6:40  Drone  
  82  6:43  Overlord  
  82  6:48  Centrifical Hooks  
  82  6:50  Zergling x2  
  82  6:51  Zergling x6  
  86  6:54  Zergling x2  
  86  6:59  Zergling x2  
  88  7:01  Hatchery  
  88  7:03  Overlord  
  88  7:05  Zergling x2  
  88  7:07  Zergling x2  
  88  7:08  Zergling x4  
  91  7:11  Zergling x4  
  93  7:16  Baneling x2  
  93  7:17  Queen  
  93  7:18  Zergling x6  
  93  7:19  Zergling x2  
  99  7:23  Zergling x4  
  99  7:25  Zergling x6  
  99  7:28  Zergling x2  
  106  7:33  Overlord  
  104  7:38  Zergling x4  
  104  7:40  Baneling x7, Overlord  
  100  7:46  Drone x6  
  100  7:48  Hatchery  
  95  7:53  Drone x2  
  95  7:57  Zergling x4  
  95  7:58  Zergling x4  
  96  8:00  Zergling x2  
  96  8:04  Zergling x2  
  95  8:06  Queen  
  95  8:08  Zergling x2  
  95  8:10  Zergling x2  
  96  8:14  Zergling x2  
  96  8:17  Zergling x2  
Tags
 
Add a new tag
Caveats
  • Supply blocks, unpowered buildings, or Contaminate may cause inaccurate times.
  • Supply counts are checked every 10 seconds.